[Event "Titled Tuesday Blitz August 09 Late 2022"]
[White "Paravyan, David"]
[Black "Golubev, Mikhail"]
[WhiteFideId "4194985"]
[BlackFideId "14100983"]
[WhiteElo "2569"]
[BlackElo "2374"]
[Result "1-0"]
[Round "07"]
[TimeControl "180+1"]
[Date "2022.08.09"]
[WhiteClock "0:00:52"]
[BlackClock "0:00:01"]

1. e4 c5 2. Nf3 d6 3. d4 cxd4 4. Nxd4 Nf6 5. Nc3 g6 6. Be3 Bg7 7. f3 Nc6 8. Qd2 O-O 9. O-O-O d5 10. Nxc6 bxc6 11. Bc4 e6 12. Bb3 Bb7 13. h4 Qe7 14. h5 Nxh5 15. g4 Nf6 16. Bh6 Bh8 17. Qh2 Rfd8 18. e5 Nd7 19. f4 f6 20. Ne4 fxe5 21. Bg5 Qg7 22. Nd6 exf4 23. c3 Nc5 24. Bf6 Qc7 25. Bxh8 Kxh8 26. Bc2 Rxd6 27. Qxf4 Rad8 28. Bxg6 R6d7 29. Qf6+ Kg8 30. Rxh7 Rxh7 31. Bxh7+ Qxh7 32. Qxd8+ Kg7 33. Qe7+ Kg6 34. Qxc5 Qh6+ 35. Rd2 Qf4 36. Qf2 Qxf2 37. Rxf2 e5 38. Rf5 e4 39. Kd2 Ba6 40. Rf8 Bb5 41. Ke3 1-0


[Site "https://www.chess.com"]

[Event "Titled Tuesday Blitz August 09 Late 2022"]
[White "Petrovic, Aleksa"]
[Black "Papasimakopoulos, Alexandros"]
[WhiteFideId "967629"]
[BlackFideId "4244125"]
[WhiteElo "2262"]
[BlackElo "2357"]
[Result "0-1"]
[Round "07"]
[TimeControl "180+1"]
[Date "2022.08.09"]
[WhiteClock "0:00:14"]
[BlackClock "0:01:36"]

1. d4 e6 2. c4 Nf6 3. Nf3 Bb4+ 4. Nbd2 b6 5. g3 Bb7 6. Bg2 O-O 7. O-O Bxd2 8. Qxd2 Be4 9. b3 d6 10. Bb2 Nbd7 11. Bh3 a5 12. Nh4 Qe7 13. d5 exd5 14. f3 Bg6 15. cxd5 Nc5 16. e4 Rfe8 17. Rae1 b5 18. Bg2 b4 19. Nxg6 hxg6 20. f4 Nfxe4 21. Qc2 f5 22. Re2 a4 23. Rc1 axb3 24. axb3 Ra2 25. Qb1 Rea8 26. Bf6 Qxf6 27. Rxa2 Qd4+ 28. Kf1 Nd2+ 29. Rxd2 Qxd2 30. Qc2 Ra2 31. Qxd2 Rxd2 32. Ra1 Nxb3 33. Ra8+ Kh7 34. Rb8 Rb2 35. Kg1 Nc5 36. h4 b3 0-1


[Site "https://www.chess.com"]

[Event "Titled Tuesday Blitz August 09 Late 2022"]
[White "Pulpan, Jakub"]
[Black "Fiorito, Joaquin"]
[WhiteFideId "302759"]
[BlackFideId "180173"]
[WhiteElo "2451"]
[BlackElo "1758"]
[Result "1-0"]
[Round "07"]
[TimeControl "180+1"]
[Date "2022.08.09"]
[WhiteClock "0:00:14"]
[BlackClock "0:00:33"]

1. Nf3 d5 2. d4 Nf6 3. c4 c6 4. Nbd2 Bf5 5. Nh4 Be4 6. e3 e6 7. Be2 Nbd7 8. b3 a5 9. a3 Bd6 10. Bb2 O-O 11. Nhf3 h6 12. Nxe4 Nxe4 13. O-O f5 14. Ne5 Qe7 15. Ng6 Qg5 16. Nxf8 Rxf8 17. f4 Qh4 18. Qe1 Qf6 19. Qxa5 g5 20. cxd5 cxd5 21. Qb5 Rf7 22. Bf3 Nd2 23. Rf2 Nxf3+ 24. Rxf3 Qg6 25. Qxb7 Ne5 26. Qc8+ Rf8 27. Qxf8+ Bxf8 28. fxe5 Qf7 29. a4 Bb4 30. Ba3 Bc3 31. Rc1 Bd2 32. Rc2 g4 33. Rf1 Bxe3+ 34. Kh1 Qb7 35. a5 Qb5 36. Ra1 Bxd4 37. Bb2 Bc5 38. Rxc5 Qxc5 39. a6 Qa7 40. b4 d4 41. b5 d3 42. b6 Qxb6 43. a7 Qxb2 44. a8=Q+ Kg7 45. Rd1 Qe2 46. Qa1 d2 47. Rg1 Kg6 48. Qd1 Qe3 49. Rf1 f4 50. Qxg4+ Kf7 51. Qxf4+ Qxf4 52. Rxf4+ Kg6 53. Rd4 1-0


[Site "https://www.chess.com"]

[Event "Titled Tuesday Blitz August 09 Late 2022"]
[White "Rasulov, Vugar"]
[Black "Naroditsky, Daniel"]
[WhiteFideId "13402390"]
[BlackFideId "2026961"]
[WhiteElo "2509"]
[BlackElo "2628"]
[Result "0-1"]
[Round "07"]
[TimeControl "180+1"]
[Date "2022.08.09"]
[WhiteClock "0:00:05"]
[BlackClock "0:00:04"]

1. d4 Nf6 2. Nf3 g6 3. g3 Bg7 4. Bg2 O-O 5. O-O d5 6. c4 dxc4 7. Na3 c3 8. bxc3 c5 9. e3 Nc6 10. Qe2 Bf5 11. Bb2 Qb6 12. Nc4 Qa6 13. Rfe1 Be4 14. Nfe5 Bxg2 15. Kxg2 Rac8 16. a4 Rfd8 17. Ba3 Nxe5 18. Nxe5 Qxe2 19. Rxe2 Nd5 20. Rb2 Nxc3 21. Rxb7 cxd4 22. exd4 h5 23. Re1 Nd5 24. Bxe7 Re8 25. Bc5 Bxe5 26. Bxa7 Bd6 27. Rxe8+ Rxe8 28. a5 Ra8 29. Rd7 Nb4 30. Bb6 Bf8 31. d5 Kg7 32. Kf3 Na6 33. d6 Kf6 34. Bd4+ Ke6 35. Rb7 Bxd6 36. Rb6 Kd5 37. Be3 Nc5 38. Rb5 Kc6 39. Rb6+ Kd5 40. Rb5 Ra6 41. h4 Kc6 42. Rb1 Rxa5 43. Rc1 Ra3 44. Kg2 Kd5 45. Rd1+ Ke6 46. Re1 Nd3 47. Rd1 Rb3 48. Ra1 Bc5 49. Ra6+ Kd5 50. Ra5 Kc6 51. Bxc5 Nxc5 52. Ra7 Rb7 53. Ra8 Kd5 54. Kf3 Ke5 55. Ra4 Nxa4 0-1


[Site "https://www.chess.com"]

[Event "Titled Tuesday Blitz August 09 Late 2022"]
[White "Rego, Pedro Filipe"]
[Black "Wan, Joseph"]
[WhiteFideId "1904310"]
[BlackFideId "2069890"]
[WhiteElo "2125"]
[BlackElo "2198"]
[Result "0-1"]
[Round "07"]
[TimeControl "180+1"]
[Date "2022.08.09"]
[WhiteClock "0:00:01"]
[BlackClock "0:00:15"]

1. e4 g6 2. d4 Bg7 3. Nc3 d6 4. Be3 a6 5. Qd2 b5 6. a3 Nd7 7. f3 Bb7 8. Nge2 Rc8 9. d5 c5 10. dxc6 Bxc6 11. Nd4 Bb7 12. h4 Ngf6 13. g4 h5 14. g5 Nh7 15. f4 Nc5 16. Bd3 O-O 17. Rf1 Qd7 18. f5 Be5 19. O-O-O e6 20. Kb1 Rfe8 21. b4 Nxd3 22. cxd3 exf5 23. exf5 Nf8 24. Ne4 Bxe4 25. dxe4 Rc4 26. Rc1 Qb7 27. Rxc4 bxc4 28. fxg6 Qxe4+ 29. Ka2 Nxg6 30. Nf5 Rf8 31. Nh6+ Kg7 32. Nf5+ Kh7 33. Qe2 Kg8 34. Nh6+ Kh8 35. Nf5 Kg8 36. Nh6+ Kh7 37. Nf5 Rh8 38. Nh6 Nf4 39. Rxf4 Bxf4 40. Qxh5 Qc2+ 41. Ka1 Be5+ 0-1


[Site "https://www.chess.com"]

[Event "Titled Tuesday Blitz August 09 Late 2022"]
[White "Romanchuk, Viktor"]
[Black "Bilych, Olexiy"]
[WhiteFideId "14109271"]
[BlackFideId "14156504"]
[WhiteElo "2242"]
[BlackElo "2157"]
[Result "0-1"]
[Round "07"]
[TimeControl "180+1"]
[Date "2022.08.09"]
[WhiteClock "0:00:26"]
[BlackClock "0:00:15"]

1. d4 Nf6 2. c4 e6 3. Nc3 Bb4 4. e3 O-O 5. Ne2 d5 6. a3 Be7 7. cxd5 exd5 8. Nf4 c6 9. Bd3 Na6 10. O-O Nc7 11. f3 c5 12. dxc5 Bxc5 13. Kh1 Re8 14. e4 dxe4 15. Nxe4 Nxe4 16. Bxe4 Qxd1 17. Rxd1 Rb8 18. Bd2 Ne6 19. Nxe6 Bxe6 20. Bc3 f6 21. Bd5 Kf7 22. Bxe6+ Rxe6 23. Rd7+ Re7 24. Rxe7+ Kxe7 25. g3 Rd8 26. Kg2 Rd3 27. Re1+ Kd7 28. Rc1 b6 29. Rc2 Ke6 30. Rc1 Kd5 31. Rc2 h5 32. Rc1 a5 33. a4 Bd4 34. Bxd4 Rxd4 35. Rc7 Rxa4 36. Rxg7 Rb4 37. g4 hxg4 38. fxg4 Rxb2+ 39. Kg3 a4 40. h4 Rb3+ 41. Kf4 a3 42. h5 b5 43. h6 a2 44. Ra7 Rb4+ 45. Kf5 Ra4 46. Rd7+ Kc6 47. Rd1 a1=Q 48. Rxa1 Rxa1 49. Kxf6 b4 50. g5 b3 51. h7 Rh1 52. g6 b2 53. g7 b1=Q 54. g8=Q Qxh7 55. Qe6+ Kc5 56. Qe5+ Kc4 57. Qe6+ Kd3 58. Qd5+ Ke3 59. Qc5+ Kf3 60. Qc3+ Kf4 61. Qe5+ Kg4 62. Qg5+ Kf3 63. Qd5+ Qe4 0-1


[Site "https://www.chess.com"]

[Event "Titled Tuesday Blitz August 09 Late 2022"]
[White "Schmakel, Sam"]
[Black "Livaic, Leon"]
[WhiteFideId "2039311"]
[BlackFideId "14531534"]
[WhiteElo "2356"]
[BlackElo "2540"]
[Result "1-0"]
[Round "07"]
[TimeControl "180+1"]
[Date "2022.08.09"]
[WhiteClock "0:00:07"]
[BlackClock "0:00:02"]

1. d4 Nf6 2. c4 e6 3. Nf3 d5 4. Nc3 Bb4 5. e3 O-O 6. Bd2 Nbd7 7. Rc1 b6 8. cxd5 exd5 9. Bd3 Bb7 10. Nb5 Bxd2+ 11. Qxd2 Ne4 12. Qc2 c5 13. O-O a6 14. Nc3 Qe7 15. dxc5 bxc5 16. Qb3 Ndf6 17. Qa3 Rfc8 18. Na4 Rc6 19. Nd4 Rc7 20. Nb3 Rac8 21. Na5 c4 22. Qxe7 Rxe7 23. Bxe4 Nxe4 24. Rfd1 Nf6 25. Nb6 Rc5 26. Nbxc4 g6 27. b4 Rxc4 28. Nxc4 dxc4 29. Rxc4 Bd5 30. Rc2 Rb7 31. a3 Kg7 32. Rc5 Be6 33. f3 Nd7 34. Rc6 Ra7 35. Rdd6 a5 36. bxa5 Rxa5 37. Rc3 Ra4 38. e4 Ne5 39. Rc7 Nc4 40. Rxe6 Ne3 41. Ree7 Rxa3 42. Rxf7+ Kh6 43. h4 g5 44. Rc6+ Kh5 45. Rxh7# 1-0


[Site "https://www.chess.com"]

[Event "Titled Tuesday Blitz August 09 Late 2022"]
[White "Shimanov, Aleksandr"]
[Black "Harvey, Marcus R"]
[WhiteFideId "4198603"]
[BlackFideId "400092"]
[WhiteElo "2605"]
[BlackElo "2485"]
[Result "1-0"]
[Round "07"]
[TimeControl "180+1"]
[Date "2022.08.09"]
[WhiteClock "0:02:14"]
[BlackClock "0:01:13"]

1. e4 c6 2. d4 d5 3. Nd2 dxe4 4. Nxe4 Nf6 5. Nxf6+ exf6 6. c3 Bd6 7. Bd3 O-O 8. Qc2 Re8+ 9. Ne2 h5 10. O-O h4 11. Bf4 h3 12. Rfe1 hxg2 13. Bh7+ Kf8 14. Qd3 Bg4 15. Qg3 Bxf4 16. Nxf4 Be6 17. Nh5 g6 18. Bxg6 fxg6 19. Qxg6 Ke7 20. Rxe6+ Kxe6 21. Re1+ Kd7 22. Rxe8 1-0


[Site "https://www.chess.com"]

[Event "Titled Tuesday Blitz August 09 Late 2022"]
[White "Tanenbaum, Zachary"]
[Black "Sokolovsky, Yahli"]
[WhiteFideId "2060850"]
[BlackFideId "2820242"]
[WhiteElo "2175"]
[BlackElo "1867"]
[Result "1-0"]
[Round "07"]
[TimeControl "180+1"]
[Date "2022.08.09"]
[WhiteClock "0:01:43"]
[BlackClock "0:01:02"]

1. e4 g6 2. d4 Bg7 3. Nc3 d6 4. Bg5 c5 5. dxc5 Qa5 6. Nf3 Bxc3+ 7. bxc3 Qxc3+ 8. Bd2 Qxc5 9. Bd3 Nf6 10. O-O O-O 11. Rb1 Nc6 12. Qc1 b6 13. Rb5 Nd4 14. Rxc5 Nxf3+ 15. gxf3 bxc5 16. Bc3 Bh3 17. Bxf6 Bxf1 18. Bxe7 Rfe8 19. Bf6 Re6 20. Kxf1 Rxf6 21. Qg5 Re6 22. Bc4 Ree8 23. Qf6 Rf8 24. Qxd6 Rac8 25. h4 Kg7 26. e5 h5 27. Qf6+ Kh7 28. Bxf7 Rxf7 29. Qxf7+ Kh6 30. e6 1-0


[Site "https://www.chess.com"]

[Event "Titled Tuesday Blitz August 09 Late 2022"]
[White "Terry, Renato"]
[Black "Rustemov, Alexander"]
[WhiteFideId "3803457"]
[BlackFideId "4119002"]
[WhiteElo "2577"]
[BlackElo "2789"]
[Result "1-0"]
[Round "07"]
[TimeControl "180+1"]
[Date "2022.08.09"]
[WhiteClock "0:00:26"]
[BlackClock "0:00:34"]

1. e4 e6 2. d4 d5 3. exd5 exd5 4. Nf3 Bf5 5. Bd3 Bxd3 6. Qxd3 Nc6 7. Nc3 Bb4 8. O-O Bxc3 9. bxc3 Nge7 10. Ba3 O-O 11. Ng5 g6 12. Qh3 h5 13. Rfe1 Re8 14. g4 Qd7 15. f3 Kg7 16. Qg3 hxg4 17. fxg4 Ng8 18. Qh4 Nh6 19. h3 Rxe1+ 20. Rxe1 Re8 21. Rf1 f6 22. Rxf6 Re1+ 23. Qxe1 Kxf6 24. Qf2+ Nf5 25. Bc1 Ne7 26. Qf4 Kg7 27. Qe5+ Kg8 28. gxf5 Nxf5 29. Bf4 Nd6 30. Qxd5+ Kf8 31. Qe6 Qb5 32. Bxd6+ cxd6 33. Qf7# 1-0


[Site "https://www.chess.com"]

[Event "Titled Tuesday Blitz August 09 Late 2022"]
[White "Voege, Tobias"]
[Black "Djordjevic, Vuk"]
[WhiteFideId "1270513"]
[BlackFideId "902098"]
[WhiteElo "2360"]
[BlackElo "2456"]
[Result "1-0"]
[Round "07"]
[TimeControl "180+1"]
[Date "2022.08.09"]
[WhiteClock "0:01:07"]
[BlackClock "0:00:04"]

1. d4 Nf6 2. c4 e6 3. Nc3 Bb4 4. Nf3 O-O 5. Bg5 d5 6. e3 Nbd7 7. Rc1 c6 8. cxd5 cxd5 9. Bd3 a6 10. O-O b5 11. Ne5 Bb7 12. Nxd7 Qxd7 13. Bxf6 gxf6 14. Qh5 f5 15. g4 f6 16. gxf5 e5 17. Kh1 Bd6 18. Rg1+ Kh8 19. Rg4 Rg8 20. Rcg1 Qe7 21. Rg6 Bc6 22. Qh4 e4 23. Bc2 Raf8 24. Bb3 Rxg6 25. fxg6 Rg8 26. Bxd5 Bxd5 27. Nxd5 Qg7 28. Qxf6 Qxf6 29. Nxf6 Rg7 30. gxh7 Be7 31. Rxg7 Kxg7 32. Nxe4 Kxh7 33. b3 Kg6 34. Kg2 Kf5 35. Ng3+ Ke6 36. e4 Bb4 37. f4 Bc3 38. Nf5 Bd2 39. Kf3 Kf6 40. d5 Bc3 41. Ne3 Bd4 42. e5+ Kg6 43. d6 Kf7 44. Ke4 Bc5 45. Nd5 Ba3 46. Nc7 Bb4 47. Nxa6 Ba3 48. Nc7 Bb4 49. Nd5 Bc5 50. d7 Be7 51. Nxe7 Kxe7 52. e6 1-0


[Site "https://www.chess.com"]

[Event "Titled Tuesday Blitz August 09 Late 2022"]
[White "Wagner, Dennis"]
[Black "Silva Lucena, Cristian"]
[WhiteFideId "24650684"]
[BlackFideId "2232588"]
[WhiteElo "2355"]
[BlackElo "2223"]
[Result "1-0"]
[Round "07"]
[TimeControl "180+1"]
[Date "2022.08.09"]
[WhiteClock "0:00:40"]
[BlackClock "0:00:37"]

1. e4 c5 2. Nf3 d6 3. d4 cxd4 4. Nxd4 Nf6 5. Nc3 a6 6. Be3 Ng4 7. Bc1 Nf6 8. f3 e6 9. Be3 Nbd7 10. Qd2 b5 11. a3 Nb6 12. O-O-O Bb7 13. g4 h6 14. h4 Rc8 15. Kb1 Nfd7 16. g5 hxg5 17. Bxg5 Nf6 18. Ncxb5 axb5 19. Bxb5+ Nbd7 20. e5 dxe5 21. Nxe6 fxe6 22. Bxf6 gxf6 23. Bxd7+ Kf7 24. Qg2 Bd5 25. Rxd5 exd5 26. Qg4 Rc4 27. Qe6+ Kg7 28. Rg1+ Kh6 29. Qf7 1-0


[Site "https://www.chess.com"]

[Event "Titled Tuesday Blitz August 09 Late 2022"]
[White "Zhigalko, Sergei"]
[Black "Pinheiro, Iung Alicio de O."]
[WhiteFideId "13502956"]
[BlackFideId "2104350"]
[WhiteElo "2662"]
[BlackElo "2283"]
[Result "1-0"]
[Round "07"]
[TimeControl "180+1"]
[Date "2022.08.09"]
[WhiteClock "0:00:10"]
[BlackClock "0:00:14"]

1. e4 c5 2. Nf3 Nc6 3. c3 Nf6 4. e5 Nd5 5. Bc4 Nb6 6. Bb3 c4 7. Bc2 Qc7 8. Qe2 g5 9. h3 Bg7 10. O-O Nxe5 11. Nxg5 Qc6 12. Re1 d5 13. d4 cxd3 14. Bxd3 Qf6 15. Nxh7 Rxh7 16. Bxh7 Bd7 17. Be3 Nc6 18. Nd2 O-O-O 19. Nf3 Nc4 20. Bg5 Qd6 21. Bxe7 Nxe7 22. Qxe7 Qxe7 23. Rxe7 Be6 24. Ng5 Bf6 25. Nxe6 fxe6 26. Rxe6 Rf8 27. Re2 Kc7 28. Rd1 Kc6 29. g3 Nb6 30. Kg2 a5 31. h4 a4 32. a3 Nc4 33. Bg6 Bd8 34. Be8+ Kc5 35. Bxa4 b5 36. Bb3 Nb6 37. Re5 Bc7 38. Rg5 Re8 39. Bxd5 1-0


[Site "https://www.chess.com"]

[Event "Titled Tuesday Blitz August 09 Late 2022"]
[White "Adewumi, Tanitoluwa"]
[Black "Llorente Zaro, Alfonso"]
[WhiteFideId "30966396"]
[BlackFideId "2254131"]
[WhiteElo "2518"]
[BlackElo "2485"]
[Result "1-0"]
[Round "08"]
[TimeControl "180+1"]
[Date "2022.08.09"]
[WhiteClock "0:00:02"]
[BlackClock "0:00:05"]

1. e4 d5 2. exd5 Qxd5 3. d4 Qa5+ 4. Nc3 Nf6 5. Nf3 Ne4 6. Bd2 Nxd2 7. Qxd2 g6 8. Bc4 Bg7 9. O-O O-O 10. Nd5 Qxd2 11. Nxd2 Nc6 12. Nxc7 Rb8 13. c3 e6 14. d5 exd5 15. Nxd5 Be6 16. Ne4 Rfd8 17. Rfd1 Kf8 18. Ne3 Bxc4 19. Nxc4 Ke7 20. Kf1 b5 21. Ne3 Na5 22. Nd5+ Kf8 23. Ne3 Re8 24. Nd6 Red8 25. Ne4 Re8 26. Nc5 Rbc8 27. Nd3 f5 28. Rac1 Nc4 29. Nc2 Red8 30. b3 Nb6 31. Ncb4 Rxc3 32. Rc2 1-0


[Site "https://www.chess.com"]

[Event "Titled Tuesday Blitz August 09 Late 2022"]
[White "Al-Tarboush, Ward"]
[Black "Fishbein, Alexander"]
[WhiteFideId "7601450"]
[BlackFideId "2000377"]
[WhiteElo "2234"]
[BlackElo "2410"]
[Result "0-1"]
[Round "08"]
[TimeControl "180+1"]
[Date "2022.08.09"]
[WhiteClock "0:00:07"]
[BlackClock "0:00:16"]

1. e4 c5 2. Nf3 d6 3. d4 cxd4 4. Nxd4 Nf6 5. Nc3 Nc6 6. Bg5 e6 7. Qd2 Be7 8. Bxf6 Bxf6 9. Ndb5 O-O 10. Nxd6 Qa5 11. Nc4 Qc5 12. Bd3 b5 13. Ne3 b4 14. Ncd1 Bb7 15. O-O Rfd8 16. Ng4 Bg5 17. Nde3 h5 18. f4 hxg4 19. fxg5 Qxg5 20. Nc4 Qxd2 21. Nxd2 Ne5 22. Nb3 Rac8 23. Rad1 Nxd3 24. cxd3 Rc2 25. Rf2 Rxf2 26. Kxf2 Bxe4 27. d4 Bd5 28. Nd2 Rc8 29. a3 b3 30. Nf1 Rc2+ 31. Rd2 g5 32. Ke1 Bxg2 33. Ne3 Rc1+ 34. Kf2 Bd5 35. Rd3 f5 36. Nxd5 exd5 37. Rxb3 Rc2+ 38. Kg1 Kg7 39. a4 Kf6 40. a5 f4 41. a6 Kf5 42. Rb7 Ke4 43. Rxa7 Kf3 44. h4 Rc1+ 0-1


[Site "https://www.chess.com"]

[Event "Titled Tuesday Blitz August 09 Late 2022"]
[White "Alekseenko, Kirill"]
[Black "Kravtsiv, Martyn"]
[WhiteFideId "4135539"]
[BlackFideId "14113147"]
[WhiteElo "2682"]
[BlackElo "2694"]
[Result "1-0"]
[Round "08"]
[TimeControl "180+1"]
[Date "2022.08.09"]
[WhiteClock "0:00:18"]
[BlackClock "0:00:12"]

1. e4 e5 2. Nf3 Nc6 3. Bc4 Nf6 4. d3 Bc5 5. Nc3 a6 6. a4 d6 7. h3 h6 8. Be3 O-O 9. O-O Bxe3 10. fxe3 Be6 11. Nd2 Qe7 12. Qe2 Nd8 13. Rf3 g6 14. Raf1 Nh7 15. Qf2 c6 16. Rg3 Bxc4 17. Nxc4 b5 18. Nd2 Ne6 19. d4 b4 20. Ne2 Kh8 21. Nc1 Nhg5 22. h4 Nh7 23. Nd3 exd4 24. exd4 Qxh4 25. Nxb4 c5 26. dxc5 dxc5 27. Nd5 Nd4 28. Rc3 Qh5 29. Nf3 Ne6 30. Qg3 Rad8 31. Ne5 Nd4 32. Re3 Ng5 33. Nf4 Nxe4 34. Rxe4 Qf5 35. Nfxg6+ fxg6 36. Nxg6+ 1-0


[Site "https://www.chess.com"]

[Event "Titled Tuesday Blitz August 09 Late 2022"]
[White "Averjanov, Alexey"]
[Black "Manukian, Artak"]
[WhiteFideId "14109867"]
[BlackFideId "13301373"]
[WhiteElo "2620"]
[BlackElo "2449"]
[Result "1-0"]
[Round "08"]
[TimeControl "180+1"]
[Date "2022.08.09"]
[WhiteClock "0:02:48"]
[BlackClock "0:02:24"]

1. d4 c6 2. c4 d5 3. e3 Nf6 4. Bd3 Bg4 5. Qc2 e6 6. Nd2 Nbd7 7. Ngf3 Bd6 8. O-O O-O 9. b3 Rc8 10. Bb2 Qe7 11. Ne5 Bh5 12. e4 dxe4 13. Nxe4 Nxe4 14. Bxe4 Bg6 15. Nxg6 hxg6 16. g3 Ba3 17. Bc3 Bb4 18. Bb2 Ba3 19. Rad1 Bxb2 20. Qxb2 Nf6 21. Bf3 Rfd8 22. Rd3 c5 23. Rfd1 cxd4 24. Rxd4 Rxd4 25. Qxd4 b6 26. Kg2 Qd7 27. Qxd7 1-0


[Site "https://www.chess.com"]

[Event "Titled Tuesday Blitz August 09 Late 2022"]
[White "Barria Zuniga, Daniel"]
[Black "D`Arruda, Ricardo D."]
[WhiteFideId "3400816"]
[BlackFideId "100692"]
[WhiteElo "2414"]
[BlackElo "2476"]
[Result "1/2-1/2"]
[Round "08"]
[TimeControl "180+1"]
[Date "2022.08.09"]
[WhiteClock "0:00:11"]
[BlackClock "0:00:27"]

1. d4 Nf6 2. c4 e5 3. dxe5 Ne4 4. a3 Nc6 5. Qc2 d5 6. Nf3 Bf5 7. cxd5 Qxd5 8. Nc3 Nxc3 9. Qxc3 O-O-O 10. Bf4 h6 11. e3 g5 12. Bg3 Bg7 13. Bc4 Qd7 14. O-O Rhe8 15. h3 Be4 16. Rfd1 Qe7 17. Bb5 Rxd1+ 18. Rxd1 Bxf3 19. gxf3 Nxe5 20. Qc2 c6 21. Qf5+ Qe6 22. Qxe6+ fxe6 23. Be2 Rd8 24. Rxd8+ Kxd8 25. b3 Nd7 26. f4 Nc5 27. Bd1 Ne4 28. Bh2 Bf8 29. a4 Nc3 30. Bg4 Kd7 31. fxg5 hxg5 32. f4 Bc5 33. Kf2 Nd5 34. fxg5 Bxe3+ 35. Kf3 Bxg5 36. Bg3 Ke7 37. h4 Bh6 38. Be5 Kf7 39. Bh5+ Kf8 40. Bg6 Bg7 41. Ke4 Bxe5 42. Kxe5 Kg7 43. h5 Ne7 44. Kxe6 Nxg6 45. hxg6 Kxg6 46. Kd6 Kf6 47. Kc7 b5 48. Kxc6 bxa4 49. bxa4 Ke6 50. a5 Ke7 51. a6 Kd8 52. Kb7 Kd7 53. Kxa7 Kc7 54. Ka8 Kb6 55. a7 Kc7 1/2-1/2


[Site "https://www.chess.com"]

[Event "Titled Tuesday Blitz August 09 Late 2022"]
[White "Bartholomew, John"]
[Black "Ladan, Nicholas"]
[WhiteFideId "2019353"]
[BlackFideId "30918855"]
[WhiteElo "2743"]
[BlackElo "2167"]
[Result "1-0"]
[Round "08"]
[TimeControl "180+1"]
[Date "2022.08.09"]
[WhiteClock "0:00:08"]
[BlackClock "0:00:17"]

1. Nf3 d5 2. d4 Nf6 3. c4 e6 4. Bg5 Nbd7 5. Nc3 c6 6. e3 Qa5 7. cxd5 exd5 8. Bd3 Ne4 9. O-O Nxg5 10. Nxg5 Nf6 11. Qc2 h6 12. Nf3 Be7 13. Ne5 O-O 14. f4 Ng4 15. Rf3 Nxe5 16. fxe5 Bg5 17. Raf1 Bg4 18. Rg3 Bh5 19. Ne2 c5 20. Nf4 Bg6 21. Bxg6 fxg6 22. Qxc5 Qd2 23. Qxd5+ Kh7 24. Qe4 Rf5 25. h4 Bxf4 26. Rxf4 Qe1+ 27. Kh2 Raf8 28. Rxf5 Rxf5 29. e6 1-0


[Site "https://www.chess.com"]

[Event "Titled Tuesday Blitz August 09 Late 2022"]
[White "Bilych, Olexiy"]
[Black "Mcconnell, Sullivan"]
[WhiteFideId "14156504"]
[BlackFideId "30934885"]
[WhiteElo "2157"]
[BlackElo "2628"]
[Result "1/2-1/2"]
[Round "08"]
[TimeControl "180+1"]
[Date "2022.08.09"]
[WhiteClock "0:00:21"]
[BlackClock "0:00:21"]

1. e4 e6 2. d4 d5 3. Nc3 Nf6 4. e5 Nfd7 5. f4 c5 6. Nf3 Nc6 7. Be3 a6 8. Ne2 b5 9. c3 Qb6 10. h4 a5 11. h5 b4 12. Kf2 Ba6 13. f5 Bxe2 14. Bxe2 cxd4 15. cxd4 exf5 16. Qd3 g6 17. hxg6 fxg6 18. Rac1 Rb8 19. Bd1 b3 20. Bxb3 Nb4 21. Qe2 Bg7 22. Ba4 f4 23. Bxf4 O-O 24. g3 Nxe5 25. Nxe5 Bxe5 26. Kg2 Bxf4 27. gxf4 Rxf4 28. Qe5 Rbf8 29. Rxh7 Rf2+ 30. Kg3 R8f3+ 31. Kg4 Rf4+ 32. Kg3 R2f3+ 33. Kg2 Rf2+ 34. Kg3 R2f3+ 35. Kg2 Rf2+ 36. Kg3 1/2-1/2


[Site "https://www.chess.com"]

[Event "Titled Tuesday Blitz August 09 Late 2022"]
[White "Bortnyk, Olexandr"]
[Black "Andreikin, Dmitry"]
[WhiteFideId "14120828"]
[BlackFideId "4158814"]
[WhiteElo "2723"]
[BlackElo "2736"]
[Result "0-1"]
[Round "08"]
[TimeControl "180+1"]
[Date "2022.08.09"]
[WhiteClock "0:00:01"]
[BlackClock "0:00:08"]

1. e4 c5 2. c3 e6 3. d4 d5 4. exd5 exd5 5. Be3 c4 6. b3 cxb3 7. axb3 Bd6 8. Bd3 Ne7 9. Qf3 Nbc6 10. Ne2 Be6 11. h3 Qd7 12. Nf4 Bf5 13. O-O O-O 14. Nd2 a5 15. Bb5 Rfc8 16. Rfe1 Nxd4 17. Bxd4 Qxb5 18. Nh5 Qd3 19. Nxg7 Qxf3 20. Nxf3 Bg6 21. Nh4 b5 22. g4 a4 23. b4 a3 24. Bf6 Rc7 25. Ra2 Kf8 26. Rd1 Be4 27. f3 Bg6 28. Ngf5 Bxf5 29. Nxf5 Nxf5 30. gxf5 Rc6 31. Rxd5 Bxb4 32. cxb4 Rxf6 33. Rxb5 Ra4 34. Kf2 Rc6 35. Kg3 Kg7 36. Ra5 Rxb4 37. R2xa3 Kf6 38. h4 Rbc4 39. Rd5 R4c5 40. Rxc5 Rxc5 41. Kg4 Rc4+ 42. f4 Rc6 43. Ra7 h6 44. Rb7 Kg7 45. Kh5 Rc5 46. Kg4 Rc1 47. Rb6 Rg1+ 48. Kh5 Rf1 49. Rb4 Rf2 50. f6+ Kxf6 51. Kxh6 Kf5 52. h5 Rg2 53. Kh7 f6 54. h6 Rg1 55. Kh8 Kg6 56. h7 Rc1 57. Rb8 Rc7 58. Kg8 Rg7+ 59. Kf8 Rxh7 60. f5+ Kxf5 61. Rb5+ Kg4 62. Rb4+ Kg5 63. Kg8 Rd7 64. Rb1 f5 65. Rg1+ Kf4 66. Rf1+ Kg4 67. Rg1+ Kf3 68. Rf1+ Kg4 69. Rg1+ Kh3 70. Rf1 Rd5 71. Kf7 Kg2 72. Ra1 f4 73. Ke6 Rb5 74. Ra2+ Kg3 75. Ra1 f3 76. Rg1+ Kh2 0-1


[Site "https://www.chess.com"]

[Event "Titled Tuesday Blitz August 09 Late 2022"]
[White "Chigaev, Maksim"]
[Black "Clarke, Brandon G I"]
[WhiteFideId "4108116"]
[BlackFideId "400319"]
[WhiteElo "2487"]
[BlackElo "2414"]
[Result "1-0"]
[Round "08"]
[TimeControl "180+1"]
[Date "2022.08.09"]
[WhiteClock "0:00:03"]
[BlackClock "0:00:02"]

1. e4 e6 2. d3 d5 3. Nd2 Nf6 4. Ngf3 Nc6 5. Be2 Bc5 6. O-O O-O 7. c3 dxe4 8. dxe4 a5 9. a4 e5 10. Qc2 Qe7 11. Nb3 Bb6 12. Bb5 Nd8 13. Nbd2 c6 14. Be2 Bc7 15. Nc4 Bg4 16. b3 Re8 17. Ba3 Qe6 18. Rad1 Nh5 19. h3 Bxf3 20. Bxf3 Nf6 21. Be2 Qc8 22. Ne3 Ne6 23. Nf5 Qb8 24. Bc4 Nf4 25. Be7 b5 26. axb5 cxb5 27. Bd5 N6xd5 28. exd5 Bd8 29. d6 g6 30. Bxd8 Qxd8 31. Ne7+ Kg7 32. c4 b4 33. c5 f6 34. Qe4 Ra7 35. Kh2 Rexe7 36. dxe7 Qxe7 37. c6 Ne6 38. Qc4 Rc7 39. Rd5 Nd4 40. Rxa5 Rxc6 41. Qd5 Rd6 42. Qe4 Rd7 43. Rfa1 Nxb3 44. Ra8 Nxa1 45. Rxa1 f5 46. Qc4 e4 47. Rb1 Qe5+ 48. g3 e3 49. f4 Rd2+ 50. Kg1 1-0


[Site "https://www.chess.com"]

[Event "Titled Tuesday Blitz August 09 Late 2022"]
[White "Deviprasath, Sharvesh"]
[Black "Maksimovic, Bojan"]
[WhiteFideId "30938228"]
[BlackFideId "14408120"]
[WhiteElo "2102"]
[BlackElo "2447"]
[Result "1-0"]
[Round "08"]
[TimeControl "180+1"]
[Date "2022.08.09"]
[WhiteClock "0:00:22"]
[BlackClock "0:00:12"]

1. Nf3 Nf6 2. c4 g6 3. Nc3 Bg7 4. d4 O-O 5. Bg5 d5 6. Bxf6 Bxf6 7. cxd5 c6 8. dxc6 Nxc6 9. e3 e5 10. d5 Ne7 11. e4 Bg4 12. Be2 Bxf3 13. Bxf3 Nc8 14. O-O a6 15. g3 Nd6 16. Bg2 Rc8 17. f4 Qb6+ 18. Kh1 Qxb2 19. Na4 Qa3 20. Nb6 Rcd8 21. f5 gxf5 22. Bh3 Qe3 23. Bxf5 Nxf5 24. Qg4+ Bg7 25. exf5 h5 26. Qb4 Bf6 27. Rad1 Kh8 28. Nc4 Qe4+ 29. Kg1 Rg8 30. d6 h4 31. Qd2 Kh7 32. Qd3 Qxd3 33. Rxd3 hxg3 34. h3 b5 35. Nd2 Bg5 36. Ne4 Bf4 37. Nf6+ Kg7 38. Nxg8 Rxg8 39. d7 Rd8 40. Rd6 e4 41. Rxf4 e3 42. Rg4+ Kf8 43. Rxg3 Ke7 44. Rd3 Kf6 45. Rgxe3 b4 46. Re8 Rxd7 47. Rxd7 a5 48. Rb7 a4 49. Rf8 b3 50. Rfxf7+ Ke5 51. axb3 axb3 52. Rxb3 Kf4 53. Rc7 Kg5 54. Rc4 Kf6 55. h4 Ke5 56. Rb5+ Kf6 57. Kg2 Ke7 58. Rc6 Kd7 59. Rg6 Kc7 60. Ra5 Kb7 61. h5 Kc7 62. Ra7+ Kb8 63. Rh7 Kc8 64. Rg8# 1-0


[Site "https://www.chess.com"]